 Dungeon Crawl Stone Soup version 0.18-a0-46-g45ca8e4 (webtiles) character file.

11 skittles the Insei (level 2, -1/21 HPs)
             Began as a Merfolk Transmuter on Nov 6, 2015.
             Slain by a quokka (2 damage)
             ... on level 2 of the Dungeon.
             The game lasted 00:01:59 (841 turns).

skittles the Insei (Merfolk Transmuter)              Turns: 841, Time: 00:02:00

Health: -1/21      AC:  2    Str: 10    XL:     2   Next: 29%
Magic:  14/14      EV: 13    Int: 12    God:
Gold:   84         SH:  0    Dex: 14    Spells: 1 memorised, 4 levels left

rFire  . . .     SeeInvis .       - Unarmed
rCold  + . .     Clarity  .     b - +0 robe
rNeg   . . .     SustAt   .     (no shield)
rPois  .         Gourm    .     (no helmet)
rElec  .         Spirit   .     (no cloak)
rCorr  .         Warding  .     (no gloves)
rMut   .         Stasis   .     (no boots)
MR     .....                    (no amulet)
Stlth  ++........               j - ring of protection from cold
                                i - ring of magical power

@: appendage (expiring), not resistant to hostile enchantments, unstealthy
A: change form in water, swift swim, horns 2
a: End Transformation


You were on level 2 of the Dungeon.
You were not hungry.
You had grown temporary horns.
You visited 1 branch of the dungeon, and saw 2 of its levels.

You collected 84 gold pieces.

Inventory:

Missiles
 a - 12 arrows
 n - 2 javelins (quivered)
Armour
 b - a +0 robe (worn)
Jewellery
 i - a ring of magical power (left hand)
 j - a ring of protection from cold (right hand)
 l - an uncursed ring of flight {unknown}
Scrolls
 e - a scroll of amnesia {unknown}
 g - a scroll of immolation {unknown}
 h - a scroll of magic mapping {unknown}
 k - a scroll of random uselessness {unknown}
Potions
 m - a potion of cancellation {unknown}
Books
 c - a book of Changes

   Spells                             Type                      Level
   a - Beastly Appendage              Transmutation                1
   b - Sticks to Snakes               Transmutation                2
   c - Spider Form                    Transmutation/Poison         3
   d - Ice Form                       Ice/Transmutation            4
   e - Blade Hands                    Transmutation                5
Comestibles
 d - a bread ration
 f - a beef jerky


   Skills:
 + Level 1.3 Fighting
 + Level 2.6 Dodging
 + Level 0.5 Stealth
 * Level 3.6 Unarmed Combat
 - Level 2.0 Spellcasting
 * Level 3.1 Transmutations


You had 4 spell levels left.
You knew the following spells:

 Your Spells              Type           Power        Failure   Level  Hunger
a - Beastly Appendage     Trmt           #.....       10%         1    ##.....


Dungeon Overview and Level Annotations

Branches:
Dungeon (2/15)

Altars:

Annotations:
D:2 Ijyb


Innate Abilities, Weirdness & Mutations

You revert to your normal form in water.
You are very nimble and swift while swimming.
You have a pair of horns on your head.


Message History

You hit Ijyb but do no damage. Your headbutt misses Ijyb.
Ijyb is moderately wounded.
The bat closely misses you. The quokka barely misses you.
Ijyb closely misses you.
You closely miss Ijyb. Your headbutt misses Ijyb.
Ijyb is moderately wounded.
Your transformation is almost over.
The bat hits you.
* * * LOW HITPOINT WARNING * * *
The quokka barely misses you. The bat closely misses you.
Ijyb closely misses you. The quokka completely misses you.
You closely miss Ijyb.
Ijyb is moderately wounded.
The bat hits you but does no damage. Ijyb hits you.
* * * LOW HITPOINT WARNING * * *
The quokka barely misses you.
You barely miss Ijyb. Your headbutt misses Ijyb.
Ijyb is moderately wounded.
The bat hits you but does no damage. The quokka bites you.
You die...

#........#
+........+
#........#
###........#
......)....#
#........#
#..grb...#######
#..@....<......#
######+#######.#


You could see Ijyb, a quokka and a bat.

Vanquished Creatures
  3 bats (D:1)
  2 hobgoblins (D:1)
  A kobold (D:1)
  A giant newt (D:1)
  3 goblins (D:1)
  A rat (D:1)
11 creatures vanquished.

Notes
Turn   | Place    | Note
--------------------------------------------------------------
     0 | D:1      | skittles the Merfolk Transmuter began the quest for the Orb.
     0 | D:1      | Reached XP level 1. HP: 15/15 MP: 3/3
    65 | D:1      | Reached XP level 2. HP: 19/21 MP: 3/5
   826 | D:2      | Noticed Ijyb
   840 | D:2      | HP: 1/21 [Ijyb (3)]
   841 | D:2      | Slain by a quokka

Vault maps used:
D:1:      tarquinn_simple_flora_water_b
D:2:      okawaru_metal_pillars_1_2, lemuel_crystal_altar, tso_oasis_becter,
          hangedman_decor_growths, uniq_crazy_yiuf_cottage, uniq_iyjb

Action                   || total
-------------------------++-------
Melee: Unarmed           ||    41
 Cast: Beastly Appendage ||     8
 Stab: Sleeping          ||     1
